 Dungeon Crawl Stone Soup version 0.17-a0-1951-g62301d3 (webtiles) character file.

119722 Geeful the Brawler (level 17, -3/128 HPs)
             Began as a Human Wanderer on Oct 1, 2015.
             Was a High Priest of Makhleb.
             Slain by a five-headed hydra (5 damage)
             ... called by a spriggan druid
             ... on level 4 of the Swamp on Oct 2, 2015.
             The game lasted 03:18:15 (41778 turns).

Geeful the Brawler (Human Wanderer)                Turns: 41778, Time: 03:18:15

Health: -3/128     AC: 28    Str: 19    XL:     17   Next: 35%
Magic:  36/36      EV: 18    Int:  6    God:    Makhleb [*****.]
Gold:   1529       SH:  0    Dex: 22    Spells: 1 memorised, 24 levels left

rFire  + . .     SeeInvis +       - Unarmed
rCold  . . .     Clarity  +     W - +8 scale mail of the Oligarchy {rF+ MR+ Int-4}
rNeg   . . .     SustAt   .     (no shield)
rPois  +         Gourm    .     Z - +2 hat
rElec  +         Spirit   .     y - +2 cloak {+Inv}
rCorr  .         Warding  .     U - +2 pair of gloves
rMut   .         Stasis   .     H - +1 pair of boots
MR     ++...                    L - amulet "Plog" {+Rage rPois MP+9 Dex+2 SInv}
Stlth  ++........               a - ring of wizardry
                                Y - +4 ring of dexterity

@: very slightly contaminated, invisible, very resistant to hostile
enchantments, unstealthy
A: horns 1, talons 2, camouflage 1, blink, blurry vision 1, clarity, electricity
resistance, evolution 1
a: Blink, Minor Destruction, Lesser Servant of Makhleb, Major Destruction,
Greater Servant of Makhleb, Renounce Religion, Evoke Berserk Rage


You were on level 4 of the Swamp.
You worshipped Makhleb.
Makhleb was extremely pleased with you.
You were near starving.

You visited 4 branches of the dungeon, and saw 31 of its levels.
You also visited: Bailey and Volcano.

You collected 3834 gold pieces.
You spent 2305 gold pieces at shops.

Inventory:

Hand weapons
 b - a +9 blowgun
Missiles
 c - 30 poisoned needles
 q - 4 curare-tipped needles
 X - a throwing net (quivered)
Armour
 y - a +2 cloak of invisibility (worn)
 H - a +1 pair of boots (worn)
 U - a +2 pair of gloves (worn)
 W - the +8 scale mail of the Oligarchy (worn) {rF+ MR+ Int-4}
   (You bought it in a shop on level 4 of the Orcish Mines)

   It affects your intelligence (-4).
   It protects you from fire.
   It affects your resistance to hostile enchantments.
 Z - a +2 hat (worn)
Jewellery
 a - a ring of wizardry (right hand)
 i - an uncursed ring of flight
 j - an uncursed amulet of warding
 D - an uncursed ring of positive energy
 E - an uncursed ring of poison resistance
 G - an uncursed ring of sustain attributes
 L - the amulet "Plog" (around neck) {+Rage rPois MP+9 Dex+2 SInv}
   (You found it on level 14 of the Dungeon)

   [amulet of rage]

   It affects your dexterity (+2).
   It protects you from poison.
   It affects your magic capacity (+9).
   It lets you see invisible.
   It lets you go berserk.
 Y - a +4 ring of dexterity (left hand)
Magical devices
 d - a wand of fireball (7)
 F - a wand of confusion (18)
 O - a wand of disintegration (16)
 R - a wand of slowing (13)
 T - a wand of cold (0)
 V - a wand of paralysis (11)
Scrolls
 f - 3 scrolls of enchant armour
 k - 17 scrolls of remove curse
 l - 4 scrolls of blinking
 r - a scroll of fear
 s - a scroll of teleportation
 w - 4 scrolls of recharging
 J - a scroll of holy word {unknown}
 Q - 3 scrolls of magic mapping
Potions
 m - 7 potions of curing
 n - 3 potions of agility
 o - a potion of resistance
 x - 5 potions of brilliance
 z - 5 potions of haste
 A - 2 potions of cancellation
 B - 8 potions of might
 M - 3 potions of berserk rage
 P - a potion of magic
Books
 C - a book of Enchantments

   Spells                             Type                      Level
   a - Cause Fear                     Hexes                        4
   b - Silence                        Hexes/Air                    5
   c - Deflect Missiles               Charms/Air                   6
   d - Haste                          Charms                       6
   e - Discord                        Hexes                        8
Miscellaneous
 I - a phial of floods
Comestibles
 e - 15 bread rations
 g - 13 beef jerkies
 h - 12 meat rations
 p - 7 fruits
 K - 12 slices of pizza
 S - 14 royal jellies


   Skills:
 - Level 10.0 Fighting
 - Level 1.0 Throwing
 - Level 10.1 Armour
 - Level 9.9 Dodging
   Level 1.0 Shields
 * Level 18.6 Unarmed Combat
 - Level 5.0 Spellcasting
   Level 1.0 Conjurations
 - Level 3.0 Charms
   Level 1.0 Transmutations
   Level 1.0 Ice Magic
 + Level 14.2 Invocations
 - Level 4.3 Evocations


You had 24 spell levels left.
You knew the following spells:

 Your Spells              Type           Power        Failure   Level  Hunger
a - Repel Missiles        Chrm/Air       #.....       36%         2    ###....


Dungeon Overview and Level Annotations

Branches:
Dungeon (15/15)            Temple (0/1) D:7            Lair (8/8) D:10
  Swamp (4/4) Lair:6       Spider (0/4) Lair:6        Slime (0/6) Lair:8
    Orc (4/4) D:10            Elf (0/3) Orc:3        Vaults (0/5) D:14
 Depths (0/5) D:15

Altars:
Cheibriados
Dithmenos
Elyvilon
Fedhas
Gozag
Makhleb
Nemelex Xobeh
Qazlal
Ru
Sif Muna
Xom
Yredelemnul
Zin
The Shining One
Beogh

Shops:
D:4 %   D:7 :   D:15 [   Orc:1 %   Orc:4 (!*:[

Annotations:
Swamp:4 Aizul


Innate Abilities, Weirdness & Mutations

You have a pair of small horns on your head.
You have razor-sharp toenails.
Your skin changes colour to match your surroundings (Stealth).
You can translocate small distances at will.
Scrolls take you a little longer to read.
You possess an exceptional clarity of mind.
You are resistant to electric shocks.
You evolve.


Message History

...and don't expect to remain undetected.
The hornet stings you but does no damage.
The alligator puts on a burst of speed!
A lindwurm comes into view.
The six-headed hydra roars!
The alligator misses you. The alligator closely misses you.
Use which ability?
You don't have enough health at the moment.
Read which item? (? for menu, Esc to quit)
Really read with blurry vision while enemies are nearby?
Your resistance to elements expires.
The hornet stings you!
* * * LOW HITPOINT WARNING * * *
The alligator closely misses you. The alligator misses you.
You begin reading the scroll.
You continue reading the scroll.
The hornet stings you but does no damage.
The five-headed hydra completely misses you.
The five-headed hydra bites you but does no damage.
The five-headed hydra bites you.
You die...

≈≈≈≈...≈≈≈♣♣♣..≈≈≈≈≈
≈≈≈≈?≈♣≈.. ♣♣≈≈≈≈≈≈§..
w≈..?≈≈♣♣D♣ ♣≈≈≈≈≈≈≈.♣
k.D.≈.≈≈♣≈D♣♣♣♣.≈≈≈≈≈≈≈♣
≈♣≈<≈..≈≈≈.k≈♣≈≈§≈≈D≈≈.≈
.w≈≈≈≈♣≈♣##♣≈≈..D≈≈≈...≈
...≈≈≈.# ♣≈.≈.≈≈...♣
.≈♣♣♣≈♣.# ♣≈...≈§♣ .##
♣# .. ♣≈y@.≈♣ ## ≈.
#♣Dt♣♣♣ . ♣≈≈.♣♣ #♣≈≈.♣♣
#♣≈≈≈.≈♣♣♣ ♣≈≈≈≈≈≈≈≈≈≈
#♣....≈.≈≈..♣ #♣
♣D≈♣♣♣♣...≈♣♣ ♣≈♣#
♣♣§§♣♣ ♣♣♣♣♣


You could see a fire dragon (wandering), an alligator, a six-headed hydra
(wandering), a five-headed hydra, a four-headed hydra (wandering), a swamp
dragon (wandering), a lindwurm (wandering), a hornet and a mottled dragon
(wandering).

Vanquished Creatures
  Jorgrun (Swamp:4)
  Rupert (D:15)
  A thorn hunter (Swamp:1)
  Roxanne (Swamp:2)
  15 hydras
  A ghost crab (Swamp:2)
  A dancing weapon (D:14)
  10 alligators
  2 orc high priests (Orc:4)
  2 spriggan druids
  An unseen horror (D:15)
  A wizard (D:14)
  2 lindwurms
  2 swamp dragons (Swamp:1)
  A deep elf conjurer (Orc:4)
  3 hill giants
  4 orc knights
  A griffon (Lair:7)
  3 ugly things
  2 cyclopes
  2 toenail golems (Volcano)
  3 centaur zombies
  27 spiny frogs
  3 black mambas
  10 elephants (Lair:7)
  A torpor snail (Lair:2)
  A gargoyle (D:11)
  7 komodo dragons
  An efreet (D:14)
  2 fire drakes
  4 trolls
  A tengu conjurer (D:15)
  A wolf spider simulacrum (D:15)
  9 blink frogs
  A two-headed ogre (D:15)
  5 giant leeches
  22 slime creatures
  8 polar bears (Lair:8)
  3 raiju (Lair:8)
  A bog body (Swamp:1)
  5 deep elf magi
  A shadow (D:14)
  2 wyverns
  A wraith (D:12)
  8 deep elf fighters (Orc:4)
  A hog (D:6)
  2 trapdoor spiders
  48 yaks
  Eustachio (D:5)
  4 humans
  2 basilisks
  A steam dragon (Swamp:4)
  3 hungry ghosts
  7 wargs (Lair:8)
  8 hippogriffs
  21 vampire mosquitoes
  22 wolves
  An insubstantial wisp (Swamp:3)
  A mottled dragon (D:14)
  18 swamp worms
  A soldier ant (D:14)
  14 black bears
  10 porcupines
  Duvessa (D:7)
  22 water moccasins
  3 hell hounds (Lair:8)
  An eye of draining (D:13)
  6 sky beasts
  3 wasps
  5 ice beasts
  37 orc warriors
  2 phantoms
  8 swamp drakes
  8 ogres
  17 crocodiles
  26 giant frogs
  9 centaurs
  A big kobold (D:9)
  A brain worm (D:14)
  Dowan (D:7)
  5 scorpions
  2 wyvern skeletons
  3 electric eels
  3 killer bees (D:14)
  12 wights
  2 quasits
  2 giant frog zombies
  6 crimson imps
  20 orc priests
  8 centaur skeletons
  2 giant frog skeletons
  7 iguanas
  Crazy Yiuf (D:8)
  23 hounds
  9 jellies
  21 orc wizards
  15 worker ants
  15 sheep
  5 gnolls (Bailey)
  40 river rats
  3 shadow imps
  14 adders
  An ooze (D:4)
  An adder zombie (D:6)
  2 adder skeletons
  5 worms
  4 giant geckos
  165 orcs
  8 bats
  7 giant cockroaches
  8 hobgoblins
  12 jackals
  2 ball pythons
  A giant gecko skeleton (D:6)
  A giant gecko zombie (D:7)
  6 giant newts
  11 goblins
  24 kobolds
  3 quokkas
  2 quokka skeletons
  9 rats
  3 briar patches (Swamp:2)
  A bush (Lair:6)
  2 plants (Lair:8)
996 creatures vanquished.

Vanquished Creatures (collateral kills)
  Gastronok (Lair:2)
  3 thorn hunters
  Maud (Lair:5)
  An orc warlord (Orc:3)
  2 ice dragons (D:15)
  The ghost of Geeful the Martial Artist, a powerful HuWn of Makhleb (D:10)
  3 hydras
  Erica (D:10)
  An alligator (Swamp:3)
  A tengu warrior (D:15)
  A dancing weapon (D:14)
  An orc high priest (Orc:4)
  An unseen horror (D:15)
  A wizard (D:15)
  3 lindwurms (Lair:2)
  2 orc knights (Orc:4)
  3 orc sorcerers
  A toenail golem (Volcano)
  2 elephants (Lair:7)
  A hornet (Swamp:2)
  A giant leech (Swamp:3)
  A bog body (Swamp:2)
  A hippogriff (D:15)
  2 spriggans
  A hog (shapeshifter) (D:15)
  3 vampire mosquitoes (Swamp:2)
  3 humans (Volcano)
  2 swamp worms (Swamp:3)
  2 deep elf fighters (Orc:4)
  5 wolves
  2 water moccasins
  2 mottled dragons
  3 orc warriors
  2 wasps
  A giant frog (D:15)
  2 crocodiles (Lair:2)
  4 orc priests
  A shadow imp (D:15)
  20 orcs
  A fungus (Lair:7)
90 creatures vanquished.

Vanquished Creatures (others)
  A swamp worm (Swamp:1)
  A swamp drake (Swamp:4)
  An orc wizard (D:12)
  An orc (D:10)
  44 fungi
  21 plants
  6 toadstools (Swamp:3)
75 creatures vanquished.

Grand Total: 1161 creatures vanquished

Notes
Turn   | Place    | Note
--------------------------------------------------------------
     0 | D:1      | Geeful the Human Wanderer began the quest for the Orb.
     0 | D:1      | Geeful set off with: a book of Minor Magic, 15 poisoned needles, a +0 blowgun, a +0 robe, a bread ration, a !bad item (cl:100,ty:0,pl:0,pl2:0,sp:0,qu:0), a !bad item (cl:100,ty:0,pl:0,pl2:0,sp:0,qu:0), a !bad item (cl:100,ty:0,pl:0,pl2:0,sp:0,qu:0), a !bad item (cl:100,ty:0,pl:0,pl2:0,sp:0,qu:0), a !bad item (cl:100,ty:0,pl:0,pl2:0,sp:0,qu:0), a !bad item (cl:100,ty:0,pl:0,pl2:0,sp:0,qu:0), a !bad item (cl:100,ty:0,pl:0,pl2:0,sp:0,qu:0), a !bad item (cl:100,ty:0,pl:0,pl2:0,sp:0,qu:0), a !bad item (cl:100,ty:0,pl:0,pl2:0,sp:0,qu:0), a !bad item (cl:100,ty:0,pl:0,pl2:0,sp:0,qu:0), a !bad item (cl:100,ty:0,pl:0,pl2:0,sp:0,qu:0), a !bad item (cl:100,ty:0,pl:0,pl2:0,sp:0,qu:0), a !bad item (cl:100,ty:0,pl:0,pl2:0,sp:0,qu:0), a !bad item (cl:100,ty:0,pl:0,pl2:0,sp:0,qu:0), a !bad item (cl:100,ty:0,pl:0,pl2:0,sp:0,qu:0), a !bad item (cl:100,ty:0,pl:0,pl2:0,sp:0,qu:0), a !bad item (cl:100,ty:0,pl:0,pl2:0,sp:0,qu:0), a !bad item (cl:100,ty:0,pl:0,pl2:0,sp:0,qu:0), a !bad item (cl:100,ty:0,pl:0,pl2:0,sp:0,qu:0), a !bad item (cl:100,ty:0,pl:0,pl2:0,sp:0,qu:0), a !bad item (cl:100,ty:0,pl:0,pl2:0,sp:0,qu:0), a !bad item (cl:100,ty:0,pl:0,pl2:0,sp:0,qu:0), a !bad item (cl:100,ty:0,pl:0,pl2:0,sp:0,qu:0), a !bad item (cl:100,ty:0,pl:0,pl2:0,sp:0,qu:0), a !bad item (cl:100,ty:0,pl:0,pl2:0,sp:0,qu:0), a !bad item (cl:100,ty:0,pl:0,pl2:0,sp:0,qu:0), a !bad item (cl:100,ty:0,pl:0,pl2:0,sp:0,qu:0), a !bad item (cl:100,ty:0,pl:0,pl2:0,sp:0,qu:0), a !bad item (cl:100,ty:0,pl:0,pl2:0,sp:0,qu:0), a !bad item (cl:100,ty:0,pl:0,pl2:0,sp:0,qu:0), a !bad item (cl:100,ty:0,pl:0,pl2:0,sp:0,qu:0), a !bad item (cl:100,ty:0,pl:0,pl2:0,sp:0,qu:0), a !bad item (cl:100,ty:0,pl:0,pl2:0,sp:0,qu:0), a !bad item (cl:100,ty:0,pl:0,pl2:0,sp:0,qu:0), a !bad item (cl:100,ty:0,pl:0,pl2:0,sp:0,qu:0), a !bad item (cl:100,ty:0,pl:0,pl2:0,sp:0,qu:0), a !bad item (cl:100,ty:0,pl:0,pl2:0,sp:0,qu:0), a !bad item (cl:100,ty:0,pl:0,pl2:0,sp:0,qu:0), a !bad item (cl:100,ty:0,pl:0,pl2:0,sp:0,qu:0), a !bad item (cl:100,ty:0,pl:0,pl2:0,sp:0,qu:0), a !bad item (cl:100,ty:0,pl:0,pl2:0,sp:0,qu:0), a !bad item (cl:100,ty:0,pl:0,pl2:0,sp:0,qu:0), a !bad item (cl:100,ty:0,pl:0,pl2:0,sp:0,qu:0), a !bad item (cl:100,ty:0,pl:0,pl2:0,sp:0,qu:0), a !bad item (cl:100,ty:0,pl:0,pl2:0,sp:0,qu:0), a !bad item (cl:100,ty:0,pl:0,pl2:0,sp:0,qu:0), a !bad item (cl:100,ty:0,pl:0,pl2:0,sp:0,qu:0)
     0 | D:1      | Reached XP level 1. HP: 13/13 MP: 6/6
   209 | D:1      | Reached skill level 1 in Unarmed Combat
   445 | D:1      | Reached XP level 2. HP: 19/19 MP: 8/8
  1218 | D:3      | Reached XP level 3. HP: 11/24 MP: 9/9
  1500 | D:5      | Entered Level 5 of the Dungeon
  1550 | D:5      | Reached XP level 4. HP: 30/30 MP: 11/11
  1793 | D:5      | Reached XP level 5. HP: 19/35 MP: 12/12
  3209 | D:2      | Reached skill level 5 in Unarmed Combat
  3370 | D:3      | Reached XP level 6. HP: 25/41 MP: 13/13
  3805 | D:4      | Found a white marble altar of Elyvilon.
  3806 | D:4      | Found a stormy altar of Qazlal.
  3853 | D:4      | Noticed an ogre
  3983 | D:4      | Reached skill level 6 in Unarmed Combat
  4004 | D:4      | Killed an ogre
  4004 | D:4      | Reached XP level 7. HP: 32/46 MP: 14/14
  4212 | D:4      | Reached skill level 7 in Unarmed Combat
  4435 | D:4      | Found Sineezxo's Food Shop.
  4468 | D:4      | Found a sacrificial altar of Ru.
  4804 | D:5      | Noticed Crazy Yiuf
  4890 | D:5      | Noticed Eustachio
  4958 | D:5      | Killed Eustachio
  4958 | D:5      | Reached skill level 8 in Unarmed Combat
  5132 | D:5      | Got a distressingly furry ring mail
  5143 | D:5      | Identified the +3 ring mail of the Shining Light {+Fly rC+ rCorr Dex-4} (You found it on level 5 of the Dungeon)
  5217 | D:5      | Reached XP level 8. HP: 46/52 MP: 15/15
  5308 | D:5      | Found a shimmering altar of Xom.
  5308 | D:5      | Found a burning altar of Makhleb.
  5319 | D:5      | Became a worshipper of Makhleb the Destroyer
  5451 | D:5      | Found a snail-covered altar of Cheibriados.
  5654 | D:6      | Reached skill level 1 in Invocations
  5674 | D:6      | Reached skill level 9 in Unarmed Combat
  6471 | D:6      | Reached XP level 9. HP: 48/57 MP: 16/16
  6539 | D:6      | Got a blackened leather armour
  6550 | D:6      | Identified the cursed +1 leather armour of Impermeability {rElec rF- Int+7} (You found it on level 6 of the Dungeon)
  6770 | D:6      | Reached skill level 10 in Unarmed Combat
  6772 | D:6      | Acquired Makhleb's first power
  7124 | D:6      | Noticed an angel
  7125 | D:6      | Found a glowing silver altar of Zin.
  7182 | D:7      | Learned a level 2 spell: Repel Missiles
  7200 | D:7      | Found a staircase to the Ecumenical Temple.
  7218 | D:7      | Noticed Duvessa
  7236 | D:7      | Noticed Dowan
  7252 | D:7      | Killed Duvessa
  7260 | D:7      | Killed Dowan
  7260 | D:7      | Reached skill level 1 in Dodging
  7432 | D:7      | Found Edghin's Book Shop.
  7583 | D:7      | Found a stormy altar of Qazlal.
  7620 | D:7      | Reached skill level 1 in Charms
  7635 | D:7      | Found a shadowy altar of Dithmenos.
  7669 | D:6      | Reached skill level 1 in Fighting
  7669 | D:6      | Reached skill level 1 in Armour
  8168 | D:7      | Reached skill level 5 in Invocations
  8506 | D:8      | Gained mutation: You evolve. [potion of beneficial mutation]
  8619 | D:8      | Acquired Makhleb's second power
  8766 | D:8      | Killed Crazy Yiuf
  8978 | D:8      | Reached XP level 10. HP: 68/68 MP: 17/17
  9686 | D:8      | Found an opulent altar of Gozag.
  9703 | D:8      | Found a basalt altar of Yredelemnul.
  9706 | D:8      | Noticed a profane servitor
  9711 | D:8      | Found a glowing golden altar of the Shining One.
  9743 | D:8      | Reached skill level 1 in Evocations
  9905 | D:8      | Noticed an angel
 10089 | D:9      | Found a sparkling altar of Nemelex Xobeh.
 10113 | D:9      | Found a blossoming altar of Fedhas.
 10213 | D:9      | Found a stormy altar of Qazlal.
 10230 | D:9      | Acquired Makhleb's third power
 10567 | D:10     | Entered Level 10 of the Dungeon
 10970 | D:10     | Reached XP level 11. HP: 75/78 MP: 18/18
 11082 | D:10     | Found a staircase to the Lair.
 11267 | D:10     | Noticed Erica
 11286 | D:10     | Killed Erica
 11286 | D:10     | Reached skill level 5 in Armour
 11286 | D:10     | Reached skill level 5 in Dodging
 11303 | D:10     | Noticed Geeful's ghost (powerful HuWn)
 11316 | D:10     | Gained mutation: You have sharp toenails. [evolution]
 11329 | D:10     | Killed Geeful's ghost
 11329 | D:10     | Reached skill level 5 in Fighting
 11789 | D:10     | Acquired Makhleb's fourth power
 12107 | D:10     | Found a staircase to the Orcish Mines.
 12526 | D:11     | Noticed a hill giant
 12533 | D:11     | Noticed a seven-headed hydra
 12566 | D:10     | Identified a scroll of acquirement
 12569 | D:10     | Got a transparent shield
 12577 | D:10     | Identified the +1 shield "Buajua" {Dex+3 Slay+3 Stlth+} (You acquired it on level 10 of the Dungeon)
 12688 | Orc:1    | Entered Level 1 of the Orcish Mines
 12799 | Orc:1    | Acquired Makhleb's fifth power
 12866 | Orc:1    | Found Tang's Food Emporium.
 13203 | Orc:1    | Found a roughly hewn altar of Beogh.
 13901 | Orc:3    | Found a dark tunnel.
 13907 | Volcano  | Entered a volcano
 14574 | Orc:3    | Found a staircase to the Elven Halls.
 14676 | Orc:3    | Noticed an orc sorcerer
 14683 | Orc:3    | Killed an orc sorcerer
 15003 | Orc:4    | Entered Level 4 of the Orcish Mines
 15003 | Orc:4    | Found Qaipn's Antique Weapon Shop.
 15003 | Orc:4    | Noticed an orc sorcerer
 15003 | Orc:4    | Noticed an orc knight
 15005 | Orc:4    | Noticed an orc warlord
 15005 | Orc:4    | Noticed an orc knight
 15005 | Orc:4    | Noticed an orc high priest
 15117 | Orc:4    | Found Worrerph's Book Emporium.
 15117 | Orc:4    | Noticed an orc knight
 15117 | Orc:4    | Noticed an orc sorcerer
 15624 | Lair:1   | Entered Level 1 of the Lair of Beasts
 15844 | Lair:1   | Reached XP level 12. HP: 89/89 MP: 19/19
 16360 | Lair:2   | Gained mutation: You have razor-sharp toenails. [evolution]
 17266 | Lair:2   | Gained mutation: Your skin changes colour to match your surroundings (Stealth). [evolution]
 17347 | Lair:2   | Noticed Gastronok
 17508 | Lair:2   | Noticed an eight-headed hydra
 17846 | Lair:2   | Killed Gastronok
 17846 | Lair:2   | Reached XP level 13. HP: 90/100 MP: 20/20
 17852 | Lair:2   | Upgraded the game from 0.17-a0-1946-gfb768fe to 0.17-a0-1951-g62301d3
 20404 | Lair:5   | Noticed Maud
 20430 | Lair:5   | Killed Maud
 20430 | Lair:5   | Reached skill level 10 in Armour
 20976 | Lair:5   | Reached skill level 10 in Fighting
 22086 | Lair:6   | Reached skill level 11 in Unarmed Combat
 22275 | Lair:6   | Gained mutation: You can translocate small distances at will. [evolution]
 22625 | Lair:6   | Found a staircase to the Swamp.
 23376 | Lair:6   | Found a hole to the Spider Nest.
 24548 | Lair:7   | Reached XP level 14. HP: 68/110 MP: 21/21
 24758 | Lair:7   | Found a blossoming altar of Fedhas.
 25228 | Lair:7   | Reached skill level 12 in Unarmed Combat
 26271 | Lair:7   | Reached skill level 13 in Unarmed Combat
 26320 | Lair:7   | Gained mutation: Scrolls take you a little longer to read. [evolution]
 26712 | Lair:7   | Reached skill level 10 in Invocations
 26924 | Lair:8   | Entered Level 8 of the Lair of Beasts
 27035 | Lair:8   | Found a staircase to the Slime Pits.
 27807 | Lair:8   | Reached skill level 14 in Unarmed Combat
 28258 | Lair:8   | Reached XP level 15. HP: 115/115 MP: 22/22
 28659 | Lair:3   | Gained mutation: You possess an exceptional clarity of mind. [evolution]
 28709 | Lair:2   | Killed an eight-headed hydra
 29023 | Orc:4    | Noticed an orc high priest
 29026 | Orc:4    | Noticed an orc high priest
 29385 | Orc:4    | Paralysed by an orc sorcerer for 2 turns
 29422 | Orc:3    | Killed an orc sorcerer
 29536 | Orc:4    | Killed an orc knight
 29816 | Orc:3    | Killed an orc warlord
 29980 | Orc:4    | Killed an orc knight
 30017 | Orc:4    | Paralysed by an orc sorcerer for 4 turns
 30023 | Orc:4    | Killed an orc sorcerer
 30494 | Orc:4    | Noticed an orc knight
 30534 | Orc:3    | Killed an orc knight
 30570 | Orc:4    | Found Yzoymo's Antique Armour Shoppe.
 30600 | Orc:4    | Bought a scorched scale mail for 297 gold pieces
 30600 | Orc:4    | Bought a runed cloak for 148 gold pieces
 30600 | Orc:4    | Bought a pair of embroidered gloves for 148 gold pieces
 30617 | Orc:4    | Identified the +8 scale mail of the Oligarchy {rF+ MR+ Int-4} (You bought it in a shop on level 4 of the Orcish Mines)
 30650 | Orc:4    | Bought a tiger eye-encrusted chain mail for 313 gold pieces
 30660 | Orc:4    | Identified the +3 chain mail of Maha {rN+ MP+9 Dex+5} (You bought it in a shop on level 4 of the Orcish Mines)
 30973 | Orc:4    | Found Vatiodei's General Store.
 31014 | Orc:4    | Killed an orc knight
 31049 | Orc:4    | Killed an orc high priest
 31333 | Orc:4    | Killed an orc high priest
 31423 | Orc:4    | Noticed a deep elf conjurer
 31427 | Orc:4    | Killed a deep elf conjurer
 31427 | Orc:4    | Reached skill level 15 in Unarmed Combat
 31504 | Orc:4    | Killed an orc high priest
 31551 | Orc:4    | Gained mutation: Your mind is acute. (Int +2) [evolution]
 31590 | Orc:4    | Bought a runed blowgun for 75 gold pieces
 31638 | Orc:4    | Found Etseyqynt's Distillery.
 31646 | Orc:4    | Bought a potion of invisibility for 104 gold pieces
 31646 | Orc:4    | Bought a potion of haste for 130 gold pieces
 31646 | Orc:4    | Bought a potion of resistance for 130 gold pieces
 31646 | Orc:4    | Bought a potion of might for 52 gold pieces
 31646 | Orc:4    | Bought 2 potions of haste for 260 gold pieces
 32407 | D:11     | Noticed a green ugly thing
 32415 | D:11     | Killed a green ugly thing
 32429 | D:11     | Killed a seven-headed hydra
 32504 | D:11     | Killed a hill giant
 32529 | D:11     | Found a sparkling altar of Nemelex Xobeh.
 33338 | D:12     | Got a jewelled scale mail
 33349 | D:12     | Identified the +9 scale mail "Patanuoh" {rN+ MR- Int+3} (You found it on level 12 of the Dungeon)
 33625 | D:12     | Reached skill level 16 in Unarmed Combat
 33973 | D:13     | Found a flagged portal.
 33981 | Bailey   | Entered a bailey
 34272 | D:13     | Found a shadowy altar of Dithmenos.
 34617 | D:14     | Reached XP level 16. HP: 99/122 MP: 25/25
 34757 | D:14     | Lost mutation: Your mind is acute. (Int +2) [evolution]
 34878 | D:14     | Found a gate to the Vaults.
 34886 | D:14     | Got a warped golden amulet
 35564 | D:15     | Entered Level 15 of the Dungeon
 35612 | D:15     | Found a deep blue altar of Sif Muna.
 35631 | D:15     | Found Migrec's Antique Armour Boutique.
 36116 | D:15     | Bought a shimmering ring mail for 324 gold pieces
 36116 | D:15     | Bought a ruby-studded ring mail for 324 gold pieces
 36128 | D:15     | Identified the +6 ring mail "Roif Mybej" {rPois rCorr} (You bought it in a shop on level 15 of the Dungeon)
 36138 | D:15     | Identified the +4 ring mail of Duty {Int+5} (You bought it in a shop on level 15 of the Dungeon)
 36243 | D:15     | Reached skill level 17 in Unarmed Combat
 36296 | D:15     | Noticed Rupert
 36315 | D:15     | Killed Rupert
 36678 | D:15     | Found a staircase to the Depths.
 37328 | Swamp:1  | Entered Level 1 of the Swamp
 37599 | Swamp:1  | Noticed a thorn hunter
 37622 | Swamp:1  | Killed a thorn hunter
 38555 | Swamp:2  | Noticed Roxanne
 38637 | Swamp:2  | Noticed a thorn hunter
 38903 | Swamp:2  | Killed a thorn hunter
 39557 | Swamp:2  | Killed Roxanne
 39785 | Swamp:2  | Reached skill level 18 in Unarmed Combat
 40098 | Swamp:3  | Noticed a thorn hunter
 40110 | Swamp:3  | Killed a thorn hunter
 40144 | Swamp:3  | Identified the amulet "Plog" {+Rage rPois MP+9 Dex+2 SInv} (You found it on level 14 of the Dungeon)
 40188 | Swamp:2  | Reached XP level 17. HP: 71/128 MP: 27/27
 40271 | Lair:6   | Gained mutation: You are resistant to electric shocks. [evolution]
 40539 | Swamp:3  | Noticed a thorn hunter
 40548 | Swamp:3  | Killed a thorn hunter
 40816 | Swamp:3  | Gained mutation: You have a pair of small horns on your head. [potion of beneficial mutation]
 41210 | Swamp:4  | Entered Level 4 of the Swamp
 41668 | Swamp:4  | Noticed Jorgrun
 41687 | Swamp:4  | Killed Jorgrun
 41747 | Swamp:4  | HP: 1/128 [fire dragon/blast of flame (10)]
 41764 | Swamp:4  | Noticed Aizul
 41777 | Swamp:4  | HP: 1/128 [hornet (7)]
 41778 | Swamp:4  | Slain by a five-headed hydra

Vault maps used:
D:1:      dpeg_arrival_signposts
D:2:      first_bread
D:4:      nicolae_ru_path_of_blood, gammafunk_temple_overflow_statue,
          serial_shops, shop, bh_chokoban, kennysheep_generic_room_6
D:5:      grunt_temple_overflow_champion_of_chaos, slow_altar_1,
          minmay_misc_feat_rows, uniq_crazy_yiuf_cottage, uniq_eustachio
D:6:      zin_angel
D:7:      kennysheep_mini_moat, minmay_temple_entry_trees, serial_shops, shop,
          basic_altar, grunt_livestock, lightli_minifort, uniq_duvessa
D:8:      grunt_temple_overflow_holy_war, kennysheep_little_box
D:9:      grunt_temple_overflow_open, basic_altar
D:10:     lair_0_dummy, erik_orc_1, uniq_erica
D:11:     nemelex_xobeh_ov_fountains_minmay
D:13:     basic_altar, enter_bailey_2, moated_statue
D:14:     erik_vaults_1, kennysheep_nondescript, minmay_misc_feat_room,
          grunt_ministairs_4
D:15:     grunt_enter_depths_hoard, basic_altar,
          hangedman_decor_clover_reticule, serial_shops, shop, uniq_rupert
Lair:1:   minivault_19
Lair:2:   minmay_lindwurm_lava, uniq_gastronok
Lair:3:   grunt_megastairs_4, infiniplex_staircase_pool
Lair:5:   fungi_pond_lemuel, lemuel_fruit_fields, uniq_maud
Lair:6:   nicolae_swamp_entry_splash_gauntlet, dummy_spider_entry,
          grunt_megastairs_3
Lair:7:   basic_altar, lemuel_fruit_tree, serial_bayou_shore_b,
          grunt_megastairs_2
Lair:8:   hangedman_lair_caniforms_friends, minmay_slime_entry_pillars,
          bh_autumn_forest_stairs
Swamp:1:  evilmike_swamp_ruin_house_6
Swamp:2:  nicolae_swamp_round_clearing, swamp_pool1, uniq_roxanne
Swamp:3:  cheibrodos_swamp_tower_of_moss, evilmike_swamp_ruin_house_4
Swamp:4:  swamp_fiery, swamp_pool3, uniq_mara, uniq_jorgrun, uniq_aizul
Orc:1:    serial_shops, nicolae_shop_statue_plus, basic_altar
Orc:3:    nicolae_volcano_entry_s_turn, nicolae_orc_pool_cavern
Orc:4:    grunt_orc_gardens, grunt_orc_garden, grunt_orc_garden,
          grunt_orc_garden, grunt_orc_garden, serial_shops, shop,
          elves_outpost_lemuel
Bailey:   bailey_axe_4, bailey
Volcano:  volcano_bunker

Action                   |  1- 3 |  4- 6 |  7- 9 | 10-12 | 13-15 | 16-18 || total
-------------------------+-------+-------+-------+-------+-------+-------++-------
Melee: Unarmed           |    64 |   245 |   335 |  1123 |  2463 |   776 ||  5006
 Fire: Blowgun           |    22 |    13 |    67 |    65 |    99 |       ||   266
Throw: Throwing net      |       |       |       |       |     1 |       ||     1
 Cast: Repel Missiles    |       |       |     1 |     3 |     6 |     3 ||    13
Invok: Lesser Servant of |       |       |       |    19 |    29 |    20 ||    68
       Greater Servant o |       |       |       |       |     3 |    10 ||    13
 Abil: Evoke Flight      |       |       |       |     2 |       |       ||     2
       Blink             |       |       |       |       |     2 |     2 ||     4
Evoke: Wand              |       |       |    24 |    14 |    16 |     5 ||    59
       Phial of floods   |       |       |       |     2 |       |       ||     2
  Use: Scroll            |       |     2 |    21 |     8 |    17 |    15 ||    63
       Potion            |       |       |     2 |     5 |       |    15 ||    22
 Stab: Sleeping          |     1 |       |       |       |    11 |     2 ||    14
       Confused          |       |       |     5 |     5 |    14 |       ||    24
       Distracted        |       |       |       |     4 |     8 |     8 ||    20
       Paralysed         |       |       |       |    31 |       |       ||    31
       Invisible         |       |       |       |       |       |     6 ||     6
  Eat: Chunk             |     1 |     9 |    13 |    25 |    53 |    20 ||   121
       Fruit             |       |       |     3 |     5 |     7 |     6 ||    21
       Royal jelly       |       |       |       |     1 |     1 |       ||     2
       Bread ration      |       |       |       |       |     1 |       ||     1
